 Dungeon Crawl Stone Soup version 0.30-a0-870-gc5d4c5acee (webtiles) character file.

Game seed: 12146370726955126156

23 oldriver the Trooper (level 3, 0/24 HPs)
             Began as a Gargoyle Fighter on Mar 11, 2023.
             Killed from afar by Natasha (8 damage)
             ... with a magic dart
             ... on level 2 of the Dungeon.
             The game lasted 00:00:53 (818 turns).

oldriver the Trooper (Gargoyle Fighter)              Turns: 818, Time: 00:00:54

Health: 0/24       AC: 11    Str: 21    XL:     3   Next: 0%
Magic:  3/3        EV:  9    Int:  8    God:
Gold:   69         SH:  4    Dex:  9    Spells: 2/2 levels left

rFire   . . .      SeeInvis .    a - +0 war axe
rCold   . . .      Faith    .    c - +0 buckler
rNeg    + . .      Spirit   .    b - +0 scale mail
rPois   ∞          Reflect  .    (no helmet)
rElec   +          Rampage  .    (no cloak)
rCorr   .                        (no gloves)
Will    .....                    g - +0 pair of boots Stlth
                                 (no amulet)
HPRegen 0.24/turn                (no ring)
MPRegen 0.08/turn                (no ring)

@: mighty, slowed, very slow
A: sickness immunity, AC +3, negative energy resistance 1, electricity
resistance, torment resistance 1, petrification resistance
a: no special abilities


You were on level 2 of the Dungeon.
You visited 1 branch of the dungeon, and saw 2 of its levels.

You collected 69 gold pieces.

Inventory:

Hand Weapons
 a - a +0 war axe (weapon)
Missiles
 e - 6 atropa-tipped darts
 f - 24 stones (quivered)
Armour
 b - a +0 scale mail (worn)
 c - a +0 buckler (worn)
 g - a +0 pair of boots (worn)
Jewellery
 h - a ring of see invisible
Scrolls
 i - a scroll of torment {unknown}


   Skills:
 + Level 3.7 Fighting
 * Level 2.7 Axes
 - Level 3.2 Armour
 - Level 3.2 Shields


You had 2 spell levels left.
You didn't know any spells.
Your spell library was empty.

Dungeon Overview and Level Annotations

Branches:
Dungeon (2/15)

Altars:

Annotations:
D:2 Natasha


Innate Abilities, Weirdness & Mutations

You are immune to sickness and miasma.
Your stone body is resilient. (AC +3)
You are immune to poison.
You resist negative energy. (rN+)
You are resistant to electric shocks. (rElec)
You are resistant to unholy torment.
You are immune to petrification.


Message History

You are too injured to fight recklessly!
You are too injured to fight recklessly!
You are too injured to fight recklessly!
Unknown command.
You miss Natasha. You hit the dart slug.
You kill the dart slug!
You closely miss the kobold. Natasha barely misses you.
The kobold hits you with a +0 dagger.
You hit Natasha.
Natasha is moderately wounded.
You slash the kobold!
You kill the kobold!
Natasha stares at you and mumbles some strange words.
You feel yourself slow down.
Natasha stares at you and mumbles some strange words.
You resist with significant effort.
You have reached level 3!
Your experience leads to an increase in your attributes!
Increase (S)trength, (I)ntelligence, or (D)exterity?
You feel stronger. x2
You closely miss Natasha.
Natasha is moderately wounded.
Natasha claws you but does no damage. Natasha claws you.
You barely miss Natasha.
Natasha is moderately wounded.
Natasha claws you but does no damage. Natasha casts a spell at you.
The magic dart hits you.
You aren't carrying any items that you can evoke.
Unknown command.
You feel very mighty all of a sudden. Natasha claws you but does no damage.
Natasha stares at you and mumbles some strange words.
The magic dart hits you but does no damage.
You closely miss Natasha.
Natasha is moderately wounded.
Natasha claws you.
Natasha stares at you and mumbles some strange words.
The magic dart hits you!
You die...

##### ##...##
####.....# ##.
.........# ...!
###....†##..##.
#....h@).......
#.##.#.###.......#
###.##.
#.#.###.##.#
.......###..# #
#.# #.....# #.#
#.##### ########.#
#.#
.........###.#####
#...........#


You could see Natasha.

Vanquished Creatures
  A dart slug (D:2)
  3 endoplasms
  2 giant cockroaches (D:1)
  3 hobgoblins (D:1)
  2 jackals (D:1)
  2 bats (D:1)
  A frilled lizard (D:1)
  2 goblins (D:1)
  3 kobolds
  A rat (D:1)
20 creatures vanquished.

Notes
Turn   | Place    | Note
-------+----------+-------------------------------------------
     0 | D:1      | oldriver the Gargoyle Fighter began the quest for the Orb.
     0 | D:1      | Reached XP level 1. HP: 14/14 MP: 1/1
   184 | D:1      | Reached XP level 2. HP: 19/19 MP: 2/2
   809 | D:2      | Noticed Natasha
   815 | D:2      | Reached XP level 3. HP: 14/24 MP: 3/3
   818 | D:2      | Killed from afar by Natasha

Illustrated notes

Levels and vault maps discovered:
D:1:      matt_arrival_diagonals, layout_loops_ring, dreamdust_princess_corridor
D:2:      layout_loops_ring, minmay_tromino_v4_c, uniq_natasha, uniq_robin,
          uniq_terence

Skill      XL: |  1 |
---------------+----+-----
Axes           | 2 |  2.7
Fighting       | |  3.7
Armour         | |  3.2
Shields        | |  3.2

Action                     || total
---------------------------++-------
  Melee: War axe           ||    61
  Throw: Stone             ||     2
    Use: Potion            ||     1
 Armour: Scale mail        ||    36
  Dodge: Dodged            ||    23
  Block: Buckler           ||    15

Table legend: (Time is in decaauts)
 A = Elapsed time spent in this place.
 B = Non-inter-level travel time spent in this place.
 C = Inter-level travel time spent in this place.
 D = Time resting spent in this place.
 E = Time spent auto-exploring this place.
 F = Levels seen in this place.
 G = Mean time per level.
                   A        B        C        D        E       F      G
               +--------+--------+--------+--------+--------+-----+--------+
         Total |    846 |    812 |     34 |      0 |    656 |   2 |  423.0 |
       Dungeon |    846 |    812 |     34 |      0 |    656 |   2 |  423.0 |
               +--------+--------+--------+--------+--------+-----+--------+

Top non-repeatable levels by time:
     D:1: 775 daAuts
     D:2: 71 daAuts
